 Dungeon Crawl Stone Soup version 0.22-a0-515-g75794bf (webtiles) character file.

2279 pk666 the Thaumaturge (level 9, -2/45 HPs)
             Began as a Deep Elf Fire Elementalist on June 20, 2018.
             Was a Follower of Vehumet.
             Slain by a warg (10 damage)
             ... on level 9 of the Dungeon.
             The game lasted 00:18:39 (9616 turns).

pk666 the Thaumaturge (Deep Elf Fire Elementalist)  Turns: 9616, Time: 00:18:39

Health: -2/45      AC:  5    Str:  5    XL:     9   Next: 16%
Magic:  1/24       EV: 14    Int: 24    God:    Vehumet [*.....]
Gold:   430        SH:  0    Dex: 15    Spells: 13/26 levels left

rFire    . . .     SeeInvis .   x - staff of cold
rCold    + . .     Gourm    .   (no shield)
rNeg     . . .     Faith    .   w - +1 robe {MR+}
rPois    .         Spirit   .   (no helmet)
rElec    .         Reflect  .   p - +0 cloak
rCorr    .         Harm     .   (no gloves)
MR       +....                  (no boots)
Stlth    ++........             (no amulet)
HPRegen  0.15/turn              a - +1 ring of protection
MPRegen  0.19/turn              (no ring)

@: no status effects
A: no striking features
a: Renounce Religion


You were on level 9 of the Dungeon.
You worshipped Vehumet.
Vehumet was aware of your devotion.
You were hungry.

You visited 2 branches of the dungeon, and saw 10 of its levels.

You collected 430 gold pieces.

Inventory:

Armour
 p - a +0 cloak (worn)
 w - a +1 robe of magic resistance (worn)
Magical Staves
 x - an uncursed staff of cold (weapon)
Jewellery
 a - a +1 ring of protection (left hand)
Wands
 l - a wand of random effects (18)
 y - a wand of clouds (3)
Scrolls
 b - 13 scrolls of identify {unknown}
 d - 5 scrolls of teleportation {unknown}
 f - 5 scrolls of remove curse
 j - 2 scrolls of amnesia {unknown}
 k - a scroll of fog {unknown}
 m - a scroll of immolation {unknown}
 o - a scroll of random uselessness {unknown}
 q - 2 scrolls of enchant weapon
 r - 4 scrolls of enchant armour {unknown}
 s - a scroll of blinking {unknown}
 v - a scroll of silence {unknown}
Potions
 e - a potion of berserk rage {unknown}
 g - a potion of brilliance {unknown}
 h - 2 potions of curing {unknown}
 i - a potion of degeneration {unknown}
 n - 4 potions of magic {unknown}
 t - a potion of heal wounds {unknown}
 u - 3 potions of flight {unknown}
Comestibles
 c - 17 rations


   Skills:
 + Level 3.7 Dodging
 - Level 2.4 Stealth
 + Level 9.3 Spellcasting
 + Level 8.0 Conjurations
 + Level 8.1 Fire Magic


You had 13 spell levels left.
You knew the following spells:

 Your Spells              Type           Power        Failure   Level  Hunger
a - Flame Tongue          Conj/Fire      #####        1%          1    None
b - Sticky Flame          Conj/Fire      #####...     1%          4    ##.....
c - Conjure Flame         Conj/Fire      #####...     1%          3    None
z - Fireball              Conj/Fire      #####.....   6%          5    ####...

Your spell library contained the following spells:

 Spells                   Type           Power        Failure   Level  Hunger
 Throw Flame              Conj/Fire      #####.       1%          2    None
 Inner Flame              Hex/Fire       ####....     3%          3    None


Dungeon Overview and Level Annotations

Branches:
Dungeon (9/15)             Temple (1/1) D:4
   Lair: D:8-11         Orc: D:9-12

Altars:
Ashenzari
Cheibriados
Dithmenos
Elyvilon
Fedhas
Gozag
Hepliaklqana
Makhleb
Nemelex Xobeh
Okawaru
Qazlal
Ru
Sif Muna
Trog
Uskayaw
Vehumet
Wu Jian
Xom
Yredelemnul
Zin
The Shining One

Annotations:
D:6 1 runed door, Laiders72's ghost, novice FoFi


Message History

The warg closely misses you.
An orc comes into view. It is wielding a mace.
The warg barely misses you.
The warg is engulfed in blazing flames.
The warg closely misses you. The warg completely misses you.
There is a stone staircase leading down here.
The warg barely misses you. The warg closely misses you.
You climb downwards.
There is a stone staircase leading up here.
Casting: Sticky Flame (safe; 1% risk of failure)
Confirm with . or Enter, or press ? or * to list all spells.
Aiming: Sticky Flame (safe; 1% risk of failure)
Press: ? - help, Shift-Dir - straight line, f - warg
Aim: a warg (heavily wounded)
The sticky flame hits the warg.
The warg is heavily wounded.
The warg is covered in liquid flames!
The warg burns!
The warg bites you!
* * * LOW HITPOINT WARNING * * *
The warg burns!
The warg burns!
The warg completely misses you. The warg bites you!
You die...

# ..#
#.#.#
#.#.#
#.#.#
#...#
#...#
#.#.#
+.#@#
#.h.#
#...#
....#.#
......#.#
#.....#.#
.........#
####.....#
+.#...#


You could see a warg (burning).

Vanquished Creatures
  Grinder (D:6)
  A black bear (D:8)
  An orc warrior (D:7)
  2 sky beasts
  A necrophage (D:7)
  A centaur (D:6)
  2 ogres
  A big kobold (D:5)
  2 bullfrogs (D:7)
  A gnoll sergeant (D:8)
  A water moccasin zombie (D:7)
  2 scorpions
  A howler monkey (D:7)
  2 crimson imps
  5 hounds
  Crazy Yiuf (D:3)
  2 iguanas
  5 orc wizards
  2 orc priests
  4 worker ants
  Robin (D:3)
  A howler monkey skeleton (D:6)
  A worker ant zombie (D:7)
  7 gnolls
  9 adders
  3 oozes
  2 worms (D:2)
  5 dart slugs
  7 leopard geckos
  15 orcs
  6 bats
  4 giant cockroaches
  12 goblins
  12 hobgoblins
  4 jackals (D:8)
  4 quokkas
  A ball python (D:3)
  A frilled lizard (D:3)
  11 kobolds
  A quokka skeleton (D:4)
  A rat (D:1)
146 creatures vanquished.

Notes
Turn   | Place    | Note
-------+----------+-------------------------------------------
     0 | D:1      | pk666 the Deep Elf Fire Elementalist began the quest for the Orb.
     0 | D:1      | Reached XP level 1. HP: 10/10 MP: 6/6
   313 | D:1      | Reached XP level 2. HP: 15/15 MP: 0/8
  1190 | D:2      | Reached XP level 3. HP: 19/19 MP: 1/10
  1419 | D:2      | Found a sparkling altar of Nemelex Xobeh.
  1462 | D:2      | Reached XP level 4. HP: 7/24 MP: 7/11
  1855 | D:2      | Found a deep blue altar of Sif Muna.
  1875 | D:2      | Reached skill level 4 in Spellcasting
  2032 | D:2      | Found an iron altar of Okawaru.
  2259 | D:2      | Found a sacrificial altar of Ru.
  2719 | D:3      | Noticed Robin
  2724 | D:3      | Reached XP level 5. HP: 25/28 MP: 9/13
  3012 | D:3      | Killed Robin
  3144 | D:3      | Found a runed door.
  4043 | D:3      | Noticed Crazy Yiuf
  4049 | D:3      | Killed Crazy Yiuf
  4049 | D:3      | Reached skill level 5 in Spellcasting
  4097 | D:4      | Reached XP level 6. HP: 31/32 MP: 12/15
  4735 | D:4      | Found a staircase to the Ecumenical Temple.
  4750 | Temple   | Entered the Ecumenical Temple
  4770 | Temple   | Became a worshipper of Vehumet
  4984 | D:4      | Reached skill level 5 in Fire Magic
  5116 | D:4      | Learned a level 4 spell: Sticky Flame
  5120 | D:4      | Learned a level 3 spell: Conjure Flame
  5126 | D:4      | Learned a level 5 spell: Fireball
  5290 | D:4      | Reached skill level 5 in Conjurations
  5416 | D:5      | Entered Level 5 of the Dungeon
  5735 | D:5      | Reached skill level 6 in Spellcasting
  5735 | D:5      | Reached XP level 7. HP: 27/36 MP: 4/18
  5823 | D:5      | Found a shattered altar of Ashenzari.
  6686 | D:6      | Reached skill level 7 in Spellcasting
  6808 | D:6      | Noticed Grinder
  6828 | D:6      | Killed Grinder
  6828 | D:6      | Reached XP level 8. HP: 41/41 MP: 11/21
  7001 | D:6      | Found a runed door.
  7001 | D:6      | Noticed Laiders72's ghost (novice FoFi)
  8029 | D:7      | Reached skill level 8 in Spellcasting
  8124 | D:7      | Reached * piety under Vehumet
  8124 | D:7      | Offered knowledge of Shock by Vehumet.
  8567 | D:7      | Reached skill level 9 in Spellcasting
  9061 | D:8      | Reached XP level 9. HP: 45/45 MP: 4/24
  9616 | D:9      | Slain by a warg

Vault maps used:
D:1:      saegor_arrival_simple_a, grunt_decor_resistance, feat_on_display
D:2:      nicolae_overflow_crystal_walls, old_standard_altar,
          old_standard_altar, nicolae_ru_path_of_blood, minmay_strange_pillars,
          minmay_misc_feat_hallway
D:3:      minmay_misc_feat_iff, corner_web_ring, uniq_robin,
          uniq_crazy_yiuf_cottage
D:4:      minmay_temple_entry_trees, hangedman_feature_mirror
D:5:      cheibrodos_ashenzari_chains, first_ration
D:6:      gammafunk_ghost_grave, uniq_grinder
D:8:      wad_crossroads, kiku_gazebo_pond_becter, erik_lair_orcish_takeover,
          uniq_pikel
D:9:      minmay_orc_entry_guard_dogs, hangedman_pestilent_swarm
Temple:   regret_index_temple_sphere_string

Skill      XL: |  1  2  3  4  5  6  7  8  9 |
---------------+----------------------------+-----
Conjurations   | 2 3 4 5 6 7 8 |  8.0
Spellcasting   | 4 5 6 7 9 |  9.3
Fire Magic     | 4 5 6 7 8 |  8.1
Dodging        | 3 |  3.7
Stealth        | |  2.4

Action                   |  1- 3 |  4- 6 |  7- 9 || total
-------------------------+-------+-------+-------++-------
Melee: Unarmed           |       |     1 |     1 ||     2
       Staff             |       |       |     2 ||     2
 Cast: Flame Tongue      |    55 |   175 |   129 ||   359
       Conjure Flame     |       |     1 |    13 ||    14
       Sticky Flame      |       |       |     9 ||     9
       Fireball          |       |       |     7 ||     7
Evoke: Wand              |       |       |    13 ||    13
  Use: Scroll            |       |       |     2 ||     2
  Eat: Chunk             |     1 |    12 |    14 ||    27
Armor: Robe              |     5 |    11 |     4 ||    20
Dodge: Dodged            |    19 |    27 |    26 ||    72

Table legend:
 A = Spawn XP
 B = Non-spawn XP
 C = Spawn XP percentage of total XP
 D = Spawn monster count
 E = Non-spawn monster count
 F = Spawn count percentage of total count
 G = Total turns spent on level
                    A         B        C        D         E        F      G
               +---------+---------+-------+---------+---------+-------+---------
         Total |       0 |    3256 |   0.0 |       0 |     146 |   0.0 |  9616
               +---------+---------+-------+---------+---------+-------+---------
           D:1 |       0 |      34 |   0.0 |       0 |      15 |   0.0 |  1175
           D:2 |       0 |     142 |   0.0 |       0 |      23 |   0.0 |  1485
           D:3 |       0 |     195 |   0.0 |       0 |      36 |   0.0 |  1420
           D:4 |       0 |     216 |   0.0 |       0 |      15 |   0.0 |  1181
           D:5 |       0 |     559 |   0.0 |       0 |      14 |   0.0 |  1424
           D:6 |       0 |     679 |   0.0 |       0 |      13 |   0.0 |  1149
           D:7 |       0 |     921 |   0.0 |       0 |      16 |   0.0 |   972
           D:8 |       0 |     510 |   0.0 |       0 |      14 |   0.0 |   652
               +---------+---------+-------+---------+---------+-------+---------
